 Dungeon Crawl Stone Soup version 0.18.1-50-g88ac8fd (webtiles) character file.

7869 Amnesiac the Brilliant (level 11, -7/52 HPs)
             Began as a Deep Elf Fighter on Mar 2, 2018.
             Was a High Priest of Pakellas.
             Mangled by a wraith (9 damage)
             ... led by Josephine
             ... on level 10 of the Dungeon.
             The game lasted 00:30:37 (12701 turns).

Amnesiac the Brilliant (Deep Elf Fighter)          Turns: 12701, Time: 00:30:37

Health: -7/52      AC: 17    Str: 16    XL:     11   Next: 2%
Magic:  12/23      EV: 10    Int: 14    God:    Pakellas [*****.]
Gold:   410        SH:  9    Dex: 16    Spells: 2 memorised, 6 levels left

rFire  . . .     SeeInvis .     a - +2 whip (elec)
rCold  . . .     Gourm    .     K - +0 ring mail {MR+}
rNeg   + . .     Faith    .     c - +0 shield
rPois  .         Spirit   .     (helmet restricted)
rElec  .         Dismiss  .     Q - +5 cloak of Agalext {rCorr Dex+3}
rCorr  +         Reflect  .     (no gloves)
SustAt .         Harm     .     H - +0 pair of boots
MR     ++...                    (no amulet)
Stlth  +.........               N - ring of wizardry
                                o - ring of positive energy

@: slowed, very slow, very resistant to hostile enchantments, very unstealthy
A: horns 1, rough black scales 1, blurry vision 1, frail 1, low mp 1
a: Quick Charge, Device Surge, Renounce Religion


You were on level 10 of the Dungeon.
You worshipped Pakellas.
Pakellas was extremely pleased with you.
You were not hungry.

You visited 2 branches of the dungeon, and saw 11 of its levels.
You also visited: Ossuary.

You collected 564 gold pieces.
You spent 154 gold pieces at shops.

Inventory:

Hand Weapons
 a - a +2 whip of electrocution (weapon)
 w - a +3 blowgun of evasion
 L - a +1 rapier
 P - a +0 dagger
 S - a +0 dagger of chaos
Missiles
 m - 3 needles of paralysis
 t - 2 throwing nets (quivered)
 E - 71 poisoned needles
 R - 10 curare-tipped needles
Armour
 c - a +0 shield (worn)
 C - a +2 helmet of see invisible
 G - a +2 robe of cold resistance
 H - a +0 pair of boots (worn)
 K - a +0 ring mail of magic resistance (worn)
 Q - the +5 cloak of Agalext (worn) {rCorr Dex+3}
   (You found it on level 9 of the Dungeon)

   It affects your dexterity (+3).
   It protects you from acid and corrosion.
Rods
 b - a +4 rod of clouds (7/14)
   (Pakellas gifted it to you on level 8 of the Dungeon)
Jewellery
 o - a ring of positive energy (left hand)
 x - an uncursed ring of sustain attributes
 N - a ring of wizardry (right hand)
Wands
 e - a wand of flame (0/48)
 g - a wand of paralysis (10/24)
 y - a wand of random effects (0/48)
 z - a wand of enslavement (9/24)
 D - a wand of paralysis (10/24)
Scrolls
 f - a scroll of blinking {!r}
 j - a scroll of amnesia {!r}
 k - 3 scrolls of fear {!r}
 p - 3 scrolls of fog {!r}
 r - 2 scrolls of summoning {!r}
 s - 3 scrolls of teleportation {!r}
 I - 3 scrolls of enchant armour {!r}
 J - 3 scrolls of identify {!r}
 U - a scroll of magic mapping {!r}
Potions
 d - 5 potions of curing {!q}
 n - a potion of brilliance {!q}
 u - 2 potions of might {!q}
 v - a potion of mutation {!q}
 B - 2 potions of invisibility {!q}
 F - 3 potions of agility {!q}
 M - 2 potions of magic {!q}
Miscellaneous
 h - a disc of storms
 q - a phantom mirror
Comestibles
 l - 8 meat rations
 A - 2 bread rations
 O - a royal jelly


   Skills:
 - Level 2.4 Fighting
 - Level 2.0 Short Blades
 - Level 3.2 Armour
 - Level 3.3 Dodging
 - Level 2.0 Stealth
 - Level 2.4 Shields
 + Level 16.6 Evocations


You had 6 spell levels left.
You knew the following spells:

 Your Spells              Type           Power        Failure   Level  Hunger
a - Corpse Rot            Necr           N/A          98%         2    ###....
z - Confusing Touch       Hex            #.....       98%         2    ###....


Dungeon Overview and Level Annotations

Branches:
Dungeon (10/15)            Temple (1/1) D:4            Lair (0/8) D:8
    Orc: D:9-12

Altars:
Ashenzari
Cheibriados
Dithmenos
Elyvilon
Fedhas
Gozag
Kikubaaqudgha
Makhleb
Nemelex Xobeh
Okawaru
Pakellas
Qazlal
Ru
Sif Muna
Trog
Vehumet
Xom
Yredelemnul
Zin
The Shining One

Shops:
D:4 [   D:7 ?   D:8 =

Annotations:
D:7 1 exclusion


Innate Abilities, Weirdness & Mutations

You have a pair of small horns on your head.
You are partially covered in rough black scales (AC +4, Dex -1).
Scrolls take you a little longer to read.
You are frail (-10% HP).
Your magical capacity is low (-10% MP).


Message History

The wraith hits you. The wraith drains your vigour!
You feel yourself slow down. The wraith hits you but does no damage.
You barely miss the wraith.
The wraith is severely damaged.
You block the wraith's attack.
You closely miss the wraith.
The wraith is severely damaged.
The wraith hits you but does no damage. x2
You barely miss the wraith.
The wraith is severely damaged.
You feel less woody.
You feel resistant to hostile enchantments.
The wraith completely misses you. You block the wraith's attack.
You hit the wraith but do no damage.
You headbutt the wraith, but do no damage.
The wraith is severely damaged.
The wraith hits you!
* * * LOW HITPOINT WARNING * * *
The wraith drains your vigour!
You feel as though you will be slow longer.
You closely miss the wraith.
The wraith is severely damaged.
The wraith hits you.
* * * LOW HITPOINT WARNING * * *
The wraith drains your vigour!
You feel as though you will be slow longer.
The wraith hits you but does no damage.
You hit the wraith but do no damage.
The wraith is severely damaged.
The wraith hits you but does no damage. The wraith hits you.
* * * LOW HITPOINT WARNING * * *
The wraith drains your vigour!
You feel as though you will be slow longer.
You closely miss the wraith.
You headbutt the wraith, but do no damage.
The wraith is severely damaged.
The wraith hits you.
* * * LOW HITPOINT WARNING * * *
The wraith drains your vigour!
You feel as though you will be slow longer.
The wraith closely misses you.
You hit the wraith.
There is a sudden explosion of sparks!
You destroy the wraith!
Pakellas accepts your kill.
You feel your power returning. The wraith barely misses you.
You closely miss the wraith. The wraith hits you but does no damage.
You hit the wraith but do no damage.
There is a sudden explosion of sparks!
You headbutt the wraith, but do no damage.
The wraith is heavily damaged.
The wraith hits you but does no damage. The wraith hits you.
* * * LOW HITPOINT WARNING * * *
The wraith drains your vigour!
You feel as though you will be slow longer.
Your shield prevents you from hitting the wraith.
The wraith is heavily damaged.
You block the wraith's attack. The wraith barely misses you.
You hit the wraith but do no damage.
There is a sudden explosion of sparks!
The wraith is almost destroyed.
You block the wraith's attack. The wraith hits you but does no damage.
Your shield and ring mail prevent you from hitting the wraith.
The wraith is almost destroyed.
You block the wraith's attack. The wraith hits you!
You die...
Pakellas says: Back to the drawing board!

#§...# #..... #§§§.#
#...## #§§§.# #...#.
#§§..#####...#.
#§§..........#.
#§...........##
#.W............
#######......#######<
#...@WW......# #.
############## ##


You could see 2 wraiths.

Vanquished Creatures
  Josephine (D:10)
  Sonja (D:10)
  Psyche (D:10)
  A komodo dragon (D:8)
  A troll (D:9)
  A wraith (D:10)
  9 yaks (D:10)
  2 wyverns
  A basilisk (D:8)
  Menkaure (D:5)
  A porcupine (D:8)
  A sky beast (D:10)
  An ice beast (D:8)
  2 black bears
  4 orc warriors
  2 eyes of draining (D:10)
  A necrophage (D:10)
  3 ogres
  A phantom (D:5)
  A centaur (D:10)
  A crocodile (D:7)
  Blork the orc (D:4)
  3 giant frogs
  2 elf zombies (Ossuary)
  6 worker ants
  2 scorpions
  6 wights
  A crimson imp (D:5)
  2 centaur zombies
  A giant frog skeleton (D:6)
  4 hounds
  A jelly (D:9)
  An orc priest (D:10)
  A centaur skeleton (D:6)
  3 orc wizards
  An iguana (D:5)
  2 hell rats (D:8)
  3 big kobold zombies (Ossuary)
  2 hound zombies
  A hound skeleton (D:4)
  A howler monkey zombie (D:6)
  3 mummies (Ossuary)
  7 gnolls
  9 adders
  A shadow imp (D:7)
  An ooze (D:4)
  3 adder zombies
  3 worms
  A dart slug (D:1)
  8 giant geckos
  23 orcs
  11 bats
  6 giant cockroaches
  3 goblins
  16 hobgoblins
  16 jackals
  4 quokkas
  A ball python (D:3)
  6 giant newts
  5 goblin zombies (Ossuary)
  A hobgoblin zombie (Ossuary)
  3 jackal zombies (Ossuary)
  9 kobolds
  7 kobold zombies (Ossuary)
  4 orc zombies (Ossuary)
  A quokka skeleton (D:9)
  2 quokka zombies (Ossuary)
  9 rats
  7 rat zombies (Ossuary)
251 creatures vanquished.

Vanquished Creatures (collateral kills)
  A crimson imp (D:4)
  An orc priest (D:6)
  A centaur skeleton (D:6)
  An adder (D:4)
4 creatures vanquished.

Vanquished Creatures (others)
  Pikel (D:6)
  A hungry ghost (D:4)
  4 slaves (D:6)
  A giant frog (D:6)
  The ghost of Amnesiac the Cutter, a weakling DEFi (D:4)
  An orc priest (D:6)
  An orc (D:6)
  A giant cockroach (D:6)
  A kobold (D:7)
  A quokka (D:7)
13 creatures vanquished.

Grand Total: 268 creatures vanquished

Notes
Turn   | Place    | Note
--------------------------------------------------------------
     0 | D:1      | Amnesiac the Deep Elf Fighter began the quest for the Orb.
     0 | D:1      | Reached XP level 1. HP: 13/13 MP: 3/3
    73 | D:2      | Reached skill level 1 in Dodging
   124 | D:2      | Reached XP level 2. HP: 15/18 MP: 4/4
   393 | D:2      | Reached XP level 3. HP: 17/22 MP: 5/5
   671 | D:2      | You fall through a shaft for 2 floors!
   686 | D:4      | Noticed Amnesiac's ghost (weakling DEFi)
   693 | D:4      | Found a staircase to the Ecumenical Temple.
   702 | Temple   | Entered the Ecumenical Temple
   719 | Temple   | Reached XP level 4. HP: 6/27 MP: 6/6
  1010 | Temple   | Became a worshipper of Pakellas the Inventive
  1513 | D:1      | Reached skill level 1 in Evocations
  1668 | D:1      | Reached * piety under Pakellas
  1668 | D:1      | Received a gift from Pakellas
  1978 | D:2      | Reached skill level 2 in Evocations
  2389 | D:2      | Reached XP level 5. HP: 26/31 MP: 8/8
  2939 | D:3      | Reached ** piety under Pakellas
  2939 | D:3      | Received a gift from Pakellas
  2949 | D:3      | Reached skill level 3 in Evocations
  3355 | D:3      | Reached skill level 4 in Evocations
  3626 | D:4      | Reached XP level 6. HP: 36/36 MP: 11/11
  3840 | D:4      | Reached skill level 1 in Stealth
  3840 | D:4      | Reached skill level 5 in Evocations
  3851 | D:4      | Found a burning altar of Makhleb.
  3851 | D:4      | Found a radiant altar of Vehumet.
  3887 | D:4      | Found Kuirghy's Antique Armour Shoppe.
  3926 | D:4      | Reached *** piety under Pakellas
  3926 | D:4      | Received a gift from Pakellas
  4131 | D:4      | Noticed a hungry ghost
  4157 | D:4      | Killed Amnesiac's ghost
  4177 | D:4      | Found a glowing silver altar of Zin.
  4178 | D:4      | Found a shattered altar of Ashenzari.
  4181 | D:4      | Found a bloodstained altar of Trog.
  4185 | D:4      | Noticed Blork the orc
  4191 | D:4      | Killed Blork the orc
  4191 | D:4      | Reached skill level 6 in Evocations
  4325 | D:4      | Killed a hungry ghost
  4325 | D:4      | Reached XP level 7. HP: 40/40 MP: 13/13
  4533 | D:5      | Entered Level 5 of the Dungeon
  4684 | D:5      | Noticed Menkaure
  4687 | D:5      | Killed Menkaure
  4687 | D:5      | Reached skill level 7 in Evocations
  4825 | D:5      | Found a sand-covered staircase.
  4830 | Ossuary  | Entered an ossuary
  4923 | Ossuary  | Reached skill level 8 in Evocations
  5103 | Ossuary  | Reached **** piety under Pakellas
  5103 | Ossuary  | Received a gift from Pakellas
  5470 | Ossuary  | Reached skill level 9 in Evocations
  5470 | Ossuary  | Reached XP level 8. HP: 40/45 MP: 16/16
  6696 | D:6      | Noticed Pikel
  6751 | D:6      | Killed Pikel
  6850 | D:6      | Killed a freed slave
  7184 | D:6      | Found a snail-covered altar of Cheibriados.
  7241 | D:6      | Reached skill level 10 in Evocations
  7372 | D:6      | Found a sparkling altar of Nemelex Xobeh.
  7518 | D:6      | Gained mutation: Scrolls take you a little longer to read. [potion of mutation]
  7518 | D:6      | Gained mutation: You are partially covered in rough black scales (AC +4, Dex -1). [potion of mutation]
  7518 | D:6      | Gained mutation: You are frail (-10% HP). [potion of mutation]
  8225 | D:7      | Found Tologaot's Magic Scroll Shoppe.
  8233 | D:7      | Bought a scroll of blinking for 105 gold pieces
  8233 | D:7      | Bought a scroll of amnesia for 49 gold pieces
  8625 | D:7      | Reached skill level 11 in Evocations
  9205 | D:8      | Noticed a komodo dragon
  9222 | D:8      | Killed a komodo dragon
  9222 | D:8      | Reached ***** piety under Pakellas
  9222 | D:8      | Received a gift from Pakellas
  9222 | D:8      | Reached XP level 9. HP: 18/44 MP: 19/19
  9234 | D:8      | Identified a +4 rod of clouds (14/14) (Pakellas gifted it to you on level 8 of the Dungeon)
  9631 | D:8      | Reached skill level 12 in Evocations
  9767 | D:8      | Gained mutation: You have a pair of small horns on your head. [potion of mutation]
  9767 | D:8      | Gained mutation: Your magical capacity is low (-10% MP). [potion of mutation]
 10139 | D:8      | Found a staircase to the Lair.
 10400 | D:8      | Reached skill level 13 in Evocations
 10512 | D:8      | Found Porutzi's Jewellery Emporium.
 10860 | D:8      | Learned a level 2 spell: Confusing Touch
 10863 | D:8      | Learned a level 2 spell: Corpse Rot
 10871 | D:9      | Found a white marble altar of Elyvilon.
 11391 | D:9      | Got a polished cloak
 11402 | D:9      | Identified the +5 cloak of Agalext {rCorr Dex+3} (You found it on level 9 of the Dungeon)
 11490 | D:9      | Noticed a troll
 11494 | D:9      | Killed a troll
 11701 | D:10     | Entered Level 10 of the Dungeon
 11701 | D:10     | Noticed Sonja
 11705 | D:10     | Killed Sonja
 11705 | D:10     | Reached skill level 14 in Evocations
 11705 | D:10     | Reached XP level 10. HP: 38/48 MP: 20/20
 11757 | D:10     | Noticed Psyche
 11765 | D:10     | Killed Psyche
 12040 | D:10     | Reached skill level 15 in Evocations
 12345 | D:10     | Reached skill level 16 in Evocations
 12662 | D:10     | Noticed Josephine
 12681 | D:10     | Killed Josephine
 12681 | D:10     | Reached XP level 11. HP: 47/52 MP: 11/22
 12698 | D:10     | HP: 1/52 [wraith[Josephine] (6)]
 12701 | D:10     | Mangled by a wraith

Skill      XL: |  1  2  3  4  5  6  7  8  9 10 |
---------------+-------------------------------+-----
Dodging        | 2 3 |  3.3
Armour         | 3 |  3.2
Evocations     | 2 4 6 9 11 14 16 | 16.6
Stealth        | 2 |  2.0
Fighting       | |  2.4
Short Blades   | |  2.0
Shields        | |  2.4

Action                   |  1- 3 |  4- 6 |  7- 9 | 10-12 || total
-------------------------+-------+-------+-------+-------++-------
Melee: Rapier            |    97 |   374 |   473 |       ||   944
       Short sword       |       |       |   264 |       ||   264
       Whip              |       |       |   225 |   112 ||   337
       Headbutt          |       |       |    20 |    26 ||    46
 Fire: Blowgun           |       |       |     1 |     1 ||     2
Invok: Quick Charge      |       |       |     1 |       ||     1
Evoke: Wand              |       |    25 |    35 |       ||    60
       Rod               |       |       |    18 |    15 ||    33
  Use: Potion            |     1 |     2 |    11 |     2 ||    16
       Scroll            |     1 |    12 |     5 |     1 ||    19
 Stab: Paralysed         |       |     4 |    10 |       ||    14
  Eat: Chunk             |       |     7 |    24 |     8 ||    39
       Bread ration      |       |     1 |       |       ||     1
       Royal jelly       |       |       |     1 |       ||     1
       Beef jerky        |       |       |     1 |       ||     1
       Fruit             |       |       |     8 |     5 ||    13
Armor: Scale mail        |    38 |   112 |       |       ||   150
       Chain mail        |       |   107 |   384 |       ||   491
       Ring mail         |       |       |   170 |    41 ||   211
       Skin              |       |       |       |    14 ||    14
Dodge: Dodged            |    35 |   103 |   259 |    40 ||   437
Block: Shield            |    50 |   200 |   433 |    74 ||   757
